| TOP OF THE 1ST |
|
Milwaukee Brewers batting - Pitching for Cincinnati Reds : RHP Marcus Stroman
|
|
Pitching: RHP Marcus Stroman
|
|
|
Batting: RHB Jorge Gutiérrez
|
0-0: Called Strike 0-1: Swinging Strike 0-2: Ball 1-2: Ball 2-2: Fly out, F6 (Line Drive, 6, EV 54 MPH)
|
|
Batting: RHB Tim Campbell
|
0-0: Ball 1-0: SINGLE (Line Drive, 7, EV 80 MPH)
|
|
Batting: LHB Billy Wood
|
0-0: Ball 1-0: Called Strike 1-1: Called Strike 1-2: Ball 2-2: Fly out, F9 (Line Drive, 9, EV 87 MPH)
|
|
Batting: RHB Jim Smith
|
0-0: Ball 1-0: Called Strike 1-1: Called Strike 1-2: Ball 2-2: Ball 3-2: Fly out, F8 (Flyball, 8LM, EV 91 MPH)
|
| Top of the 1st over - 0 runs, 1 hit, 0 errors, 1 left on base; Milwaukee 0 - Cincinnati 0 |
| BOTTOM OF THE 1ST |
|
Cincinnati Reds batting - Pitching for Milwaukee Brewers : LHP Tim Hankins
|
|
Pitching: LHP Tim Hankins
|
|
|
Batting: RHB Orlando Arcia
|
0-0: Foul Ball, location: 3F 0-1: Swinging Strike 0-2: Ball 1-2: Ground out 6-3 (Groundball, 6S, EV 77 MPH)
|
|
Batting: RHB Jeff Adams
|
0-0: DOUBLE (Flyball, 89XD, EV 104 MPH)
|
|
Batting: RHB Tito Polo
|
0-0: Fly out, F7 (Line Drive, 7, EV 89 MPH)
|
|
Batting: RHB Blake Anderson
|
0-0: Ball 1-0: Called Strike 1-1: 2-RUN HOME RUN (Flyball, 7D, EV 112 MPH), Distance : 396 ft
|
|
Batting: RHB Greg Jones
|
0-0: Ground out 5-3 (Groundball, 5S, EV 70 MPH)
|
| Bottom of the 1st over - 2 runs, 2 hits, 0 errors, 0 left on base; Milwaukee 0 - Cincinnati 2 |
| TOP OF THE 2ND |
|
Milwaukee Brewers batting - Pitching for Cincinnati Reds : RHP Marcus Stroman
|
|
Batting: RHB Kevin Thompson
|
0-0: Called Strike 0-1: Ball 1-1: Ball 2-1: Ball 3-1: Called Strike 3-2: Strikes out swinging
|
|
Batting: RHB Dave Thomas
|
0-0: Called Strike 0-1: Ground out 5-3 (Groundball, 56S, EV 65 MPH)
|
|
Batting: LHB Isan Diaz
|
0-0: Ball 1-0: Ball 2-0: Foul Ball, location: 5SF 2-1: Called Strike 2-2: Ball 3-2: Fly out, F8 (Flyball, 78D, EV 85 MPH)
|
| Top of the 2nd over - 0 runs, 0 hits, 0 errors, 0 left on base; Milwaukee 0 - Cincinnati 2 |
| BOTTOM OF THE 2ND |
|
Cincinnati Reds batting - Pitching for Milwaukee Brewers : LHP Tim Hankins
|
|
Batting: RHB Jorge Llerena
|
0-0: DOUBLE (Line Drive, W LL, EV 89 MPH) - OUT at third base trying to stretch hit.
|
|
Batting: LHB José Juárez
|
0-0: Ball 1-0: DOUBLE (Line Drive, 9LD, EV 81 MPH)
|
|
Batting: LHB Jon Clark
|
0-0: Called Strike 0-1: Foul Ball, location: 2F 0-2: Ball 1-2: Foul Ball, location: 5SF 1-2: Ball 2-2: Ground out 4-3 (Groundball, 4S, EV 58 MPH) José Juárez to third
|
|
Batting: SHB Leury Garcia
|
0-0: Foul Ball, location: 3SF 0-1: Swinging Strike 0-2: Foul Ball, location: 9LMF 0-2: Fly out, F9 (Line Drive, 9, EV 86 MPH)
|
| Bottom of the 2nd over - 0 runs, 2 hits, 0 errors, 1 left on base; Milwaukee 0 - Cincinnati 2 |
| TOP OF THE 3RD |
|
Milwaukee Brewers batting - Pitching for Cincinnati Reds : RHP Marcus Stroman
|
|
Batting: RHB Gavin Cecchini
|
0-0: Called Strike 0-1: Ball 1-1: Ball 2-1: Foul Ball, location: 3SF 2-2: Strikes out swinging
|
|
Batting: RHB A.J. Jimenez
|
0-0: Ground out 4-3 (Groundball, 4, EV 110 MPH)
|
|
Batting: RHB Jorge Gutiérrez
|
0-0: Called Strike 0-1: Ground out 6-3 (Groundball, 6, EV 70 MPH)
|
| Top of the 3rd over - 0 runs, 0 hits, 0 errors, 0 left on base; Milwaukee 0 - Cincinnati 2 |
| BOTTOM OF THE 3RD |
|
Cincinnati Reds batting - Pitching for Milwaukee Brewers : LHP Tim Hankins
|
|
Batting: RHB Orlando Arcia
|
0-0: Called Strike 0-1: Ground out 5-3 (Groundball, 5S, EV 101 MPH)
|
|
Batting: RHB Jeff Adams
|
0-0: Ball 1-0: Called Strike 1-1: SINGLE (Flyball, 89S, EV 88 MPH)
|
|
Batting: RHB Tito Polo
|
0-0: Called Strike 0-1: Fly out, F7 (Flyball, 7S, EV 93 MPH)
|
|
Batting: RHB Blake Anderson
|
Pickoff Throw to First - Out! 1-3
|
| Bottom of the 3rd over - 0 runs, 1 hit, 0 errors, 0 left on base; Milwaukee 0 - Cincinnati 2 |
| TOP OF THE 4TH |
|
Milwaukee Brewers batting - Pitching for Cincinnati Reds : RHP Marcus Stroman
|
|
Batting: RHB Tim Campbell
|
0-0: Called Strike 0-1: Swinging Strike 0-2: Strikes out swinging
|
|
Batting: LHB Billy Wood
|
0-0: Called Strike 0-1: Fly out, F8 (Flyball, 8RM, EV 85 MPH)
|
|
Batting: RHB Jim Smith
|
0-0: Ball 1-0: SINGLE (Groundball, 34D, EV 111 MPH)
|
|
Batting: RHB Kevin Thompson
|
0-0: Called Strike 0-1: Ball 1-1: Ball 2-1: Swinging Strike 2-2: Ball 3-2: Fly out, F9 (Flyball, 9LMF, EV 76 MPH)
|
| Top of the 4th over - 0 runs, 1 hit, 0 errors, 1 left on base; Milwaukee 0 - Cincinnati 2 |
| BOTTOM OF THE 4TH |
|
Cincinnati Reds batting - Pitching for Milwaukee Brewers : LHP Tim Hankins
|
|
Batting: RHB Blake Anderson
|
0-0: SINGLE (Groundball, 6D, EV 90 MPH)
|
|
Batting: RHB Greg Jones
|
0-0: Called Strike 0-1: Ball 1-1: Ball 2-1: Foul Ball, location: 3FF 2-2: Ball 3-2: SINGLE (Popup, 4D, EV 57 MPH) Blake Anderson to second
|
|
Batting: RHB Jorge Llerena
|
0-0: Called Strike 0-1: Ball 1-1: Bunted foul 1-2: Strikes out looking
|
|
Batting: LHB José Juárez
|
0-0: Ball 1-0: Ground out 4-3 (Groundball, 4, EV 57 MPH) Blake Anderson to third Greg Jones to second
|
|
Batting: LHB Jon Clark
|
0-0: Ball 1-0: Ball 2-0: Ball 3-0: Called Strike 3-1: Ground out 4-3 (Groundball, 4D, EV 78 MPH)
|
| Bottom of the 4th over - 0 runs, 2 hits, 0 errors, 2 left on base; Milwaukee 0 - Cincinnati 2 |
| TOP OF THE 5TH |
|
Milwaukee Brewers batting - Pitching for Cincinnati Reds : RHP Marcus Stroman
|
|
Batting: RHB Dave Thomas
|
0-0: Called Strike 0-1: Ball 1-1: DOUBLE (Line Drive, 89D, EV 86 MPH)
|
|
Batting: LHB Isan Diaz
|
0-0: Called Strike 0-1: Swinging Strike 0-2: Fly out, F7 (Line Drive, 7, EV 90 MPH)
|
|
Batting: RHB Gavin Cecchini
|
0-0: Ball 1-0: SINGLE (Line Drive, 9, EV 59 MPH) Dave Thomas to third
|
|
Batting: RHB A.J. Jimenez
|
0-0: Ball 1-0: Called Strike 1-1: Ball 2-1: Ground out 5-3 (Groundball, 56S, EV 64 MPH) Dave Thomas scores Gavin Cecchini to second
|
|
Pinch Hitting: SHB Yoan Moncada
|
0-0: Ball 1-0: SINGLE (Groundball, 5S, EV 60 MPH) (infield hit) Gavin Cecchini to third
|
|
Batting: RHB Tim Campbell
|
0-0: Fly out, F9 (Flyball, 9, EV 86 MPH)
|
| Top of the 5th over - 1 run, 3 hits, 0 errors, 2 left on base; Milwaukee 1 - Cincinnati 2 |
| BOTTOM OF THE 5TH |
|
Cincinnati Reds batting - Pitching for Milwaukee Brewers : LHP Tim Hankins
|
|
Now in LF: Yoan Moncada
|
|
|
Now in CF: Tim Campbell
|
|
|
Batting: SHB Leury Garcia
|
0-0: Foul Ball, location: 2F 0-1: Ball 1-1: Foul Ball, location: 9LDF 1-2: TRIPLE (Line Drive, 8RXD, EV 81 MPH)
|
|
Batting: RHB Orlando Arcia
|
0-0: Ball 1-0: Ball 2-0: Called Strike 2-1: Called Strike 2-2: Ball 3-2: Foul Ball, location: 3SF 3-2: Foul Ball, location: 3F 3-2: Strikes out looking
|
|
Batting: RHB Jeff Adams
|
0-0: Ball 1-0: Fly out, F8 (Line Drive, 8LM, EV 86 MPH)
|
|
Batting: RHB Tito Polo
|
0-0: Foul Ball, location: 2F 0-1: Foul Ball, location: 9LDF 0-2: Foul Ball, location: 2F 0-2: Ball 1-2: Ball 2-2: Ball 3-2: Base on Balls
|
|
Batting: RHB Blake Anderson
|
0-0: Ball 1-0: Foul Ball, location: 9LMF 1-1: Called Strike 1-2: Ball 2-2: Ball 3-2: SINGLE (Groundball, 6D, EV 95 MPH) Leury Garcia scores Tito Polo to second Tito Polo to third
|
|
Batting: RHB Greg Jones
|
0-0: Ball 1-0: Ball 2-0: Swinging Strike 2-1: Foul Ball, location: 3SF 2-2: Strikes out swinging
|
| Bottom of the 5th over - 1 run, 2 hits, 0 errors, 2 left on base; Milwaukee 1 - Cincinnati 3 |
| TOP OF THE 6TH |
|
Milwaukee Brewers batting - Pitching for Cincinnati Reds : RHP Marcus Stroman
|
|
Batting: LHB Billy Wood
|
0-0: Ball 1-0: Ball 2-0: Ball 3-0: Called Strike 3-1: Swinging Strike 3-2: Hit by Pitch
|
|
Batting: RHB Jim Smith
|
0-0: Ball 1-0: Ball 2-0: Ball 3-0: Called Strike 3-1: SINGLE (Line Drive, 8RS, EV 91 MPH) Billy Wood to second Runner from 2nd tries for 3rd, SAFE, throw by CF made to third
|
|
Batting: RHB Kevin Thompson
|
0-0: Foul Ball, location: 7LDF 0-1: Called Strike 0-2: Ball 1-2: Ball 2-2: Strikes out swinging
|
|
Batting: RHB Dave Thomas
|
0-0: Fielders Choice at home, 6-2 (Groundball, 6, EV 57 MPH) Jim Smith to second
|
|
Batting: LHB Isan Diaz
|
0-0: Ball 1-0: Foul Ball, location: 23F 1-1: Ball 2-1: Swinging Strike 2-2: Strikes out swinging
|
| Top of the 6th over - 0 runs, 1 hit, 0 errors, 2 left on base; Milwaukee 1 - Cincinnati 3 |
| BOTTOM OF THE 6TH |
|
Cincinnati Reds batting - Pitching for Milwaukee Brewers : LHP Tim Hankins
|
|
Batting: RHB Jorge Llerena
|
0-0: Ball 1-0: Swinging Strike 1-1: Foul Ball, location: 2F 1-2: Strikes out swinging
|
|
Batting: LHB José Juárez
|
0-0: Called Strike 0-1: Ball 1-1: Foul Ball, location: 7LMF 1-2: SINGLE (Groundball, 5D, EV 80 MPH)
|
|
Batting: LHB Jon Clark
|
0-0: Foul Ball, location: 3FF 0-1: Ball 1-1: Swinging Strike 1-2: Ball 2-2: Fly out, F7 (Flyball, 78M, EV 90 MPH)
|
|
Pitching: RHP Dave McFadden
|
|
|
Batting: SHB Leury Garcia
|
0-0: SINGLE (Groundball, 6D, EV 64 MPH) José Juárez to second Runner from 2nd tries for 3rd, OUT! 8-5
|
| Bottom of the 6th over - 0 runs, 2 hits, 0 errors, 1 left on base; Milwaukee 1 - Cincinnati 3 |
| TOP OF THE 7TH |
|
Milwaukee Brewers batting - Pitching for Cincinnati Reds : RHP Marcus Stroman
|
|
Batting: RHB Gavin Cecchini
|
0-0: Ball 1-0: Swinging Strike 1-1: Ball 2-1: SINGLE (Line Drive, 78M, EV 85 MPH)
|
|
Pitching: RHP Shane Broyles
|
|
|
Batting: RHB A.J. Jimenez
|
0-0: Ball 1-0: Ball 2-0: Fly out, F4 (Popup, 34, EV 79 MPH)
|
|
Batting: SHB Yoan Moncada
|
0-0: Ball 1-0: Foul Ball, location: 9LMF 1-1: Ball 2-1: Swinging Strike 2-2: Strikes out swinging
|
|
Batting: RHB Tim Campbell
|
0-0: Ball 1-0: Ball 2-0: Ball 3-0: Called Strike 3-1: Foul Ball, location: 3FF 3-2: Strikes out swinging
|
| Top of the 7th over - 0 runs, 1 hit, 0 errors, 1 left on base; Milwaukee 1 - Cincinnati 3 |
| BOTTOM OF THE 7TH |
|
Cincinnati Reds batting - Pitching for Milwaukee Brewers : RHP Dave McFadden
|
|
Batting: RHB Orlando Arcia
|
0-0: Ball 1-0: Foul Ball, location: 2F 1-1: Foul Ball, location: 3F 1-2: Strikes out swinging
|
|
Batting: RHB Jeff Adams
|
0-0: Called Strike 0-1: Ground out 5-3 (Groundball, 56S, EV 65 MPH)
|
|
Batting: RHB Tito Polo
|
0-0: Fly out, F9 (Line Drive, 9, EV 91 MPH)
|
| Bottom of the 7th over - 0 runs, 0 hits, 0 errors, 0 left on base; Milwaukee 1 - Cincinnati 3 |
| TOP OF THE 8TH |
|
Milwaukee Brewers batting - Pitching for Cincinnati Reds : RHP Shane Broyles
|
|
Batting: LHB Billy Wood
|
0-0: Called Strike 0-1: Ball 1-1: Called Strike 1-2: Ball 2-2: Strikes out swinging
|
|
Batting: RHB Jim Smith
|
0-0: Swinging Strike 0-1: Called Strike 0-2: Foul Ball, location: 2F 0-2: Ball 1-2: Ground out 5-3 (Groundball, 56, EV 80 MPH)
|
|
Pinch Hitting: LHB Esteban Vázquez
|
0-0: Fly out, F9 (Line Drive, 9D, EV 67 MPH)
|
| Top of the 8th over - 0 runs, 0 hits, 0 errors, 0 left on base; Milwaukee 1 - Cincinnati 3 |
| BOTTOM OF THE 8TH |
|
Cincinnati Reds batting - Pitching for Milwaukee Brewers : RHP Dave McFadden
|
|
Now at 2B: Isan Diaz
|
|
|
Now at 3B: Yoan Moncada
|
|
|
Now in LF: Esteban Vázquez
|
|
|
Batting: RHB Blake Anderson
|
0-0: Swinging Strike 0-1: Ball 1-1: Foul Ball, location: 2F 1-2: Ball 2-2: Foul Ball, location: 9LMF 2-2: Ball 3-2: Strikes out looking
|
|
Batting: RHB Greg Jones
|
0-0: Ground out 1-3 (Groundball, 13S, EV 73 MPH)
|
|
Batting: RHB Jorge Llerena
|
0-0: Ball 1-0: Ball 2-0: Called Strike 2-1: Swinging Strike 2-2: Foul Ball, location: 2F 2-2: Strikes out swinging
|
| Bottom of the 8th over - 0 runs, 0 hits, 0 errors, 0 left on base; Milwaukee 1 - Cincinnati 3 |
| TOP OF THE 9TH |
|
Milwaukee Brewers batting - Pitching for Cincinnati Reds : RHP Shane Broyles
|
|
Pitching: RHP Dave Parsons
|
|
|
Batting: RHB Dave Thomas
|
0-0: Ball 1-0: Ball 2-0: Ball 3-0: Called Strike 3-1: Swinging Strike 3-2: DOUBLE (Line Drive, 9LD, EV 79 MPH)
|
|
Batting: LHB Isan Diaz
|
0-0: Foul Ball, location: 9LDF 0-1: Foul Ball, location: 5DF 0-2: Ball 1-2: Ball 2-2: Ball 3-2: Ground out U3 (Groundball, 3S, EV 77 MPH) Dave Thomas to third
|
|
Batting: RHB Gavin Cecchini
|
0-0: Fly out, F8 (Flyball, 8LM, EV 78 MPH)
|
|
Batting: RHB A.J. Jimenez
|
0-0: Fly out, F3 (Popup, 3SF, EV 50 MPH)
|
| Top of the 9th over - 0 runs, 1 hit, 0 errors, 1 left on base; Milwaukee 1 - Cincinnati 3 |
|